Map: Habitation Station LE (Void)

Players

Hermes - Winner!

  • Race: Protoss Protoss
  • League: Silver
  • Spawn Location: 1:00

Fropez

  • Race: Protoss Protoss
  • League: Gold
  • Spawn Location: 11:00

VOD

Have the link to the VOD?

Description

Time

  • Played on: Dec. 1, 2016, 6:55 p.m.
  • Length: 8:13
Show
View Real Time Build Order
Export as new Build Order

Hermes Protoss - Winner!

Build Orders:  

Get SALT Encoding   

  12  0:03  Probe (Chrono Boost)  
  13  0:13  Probe (Chrono Boost)  
  14  0:24  Probe (Chrono Boost)  
  15  0:31  Pylon  
  15  0:39  Assimilator  
  15  0:49  Probe (Chrono Boost)  
  16  0:53  Gateway  
  16  0:58  Gateway  
  16  0:59  Probe (Chrono Boost)  
  17  1:09  Pylon  
  17  1:10  Probe (Chrono Boost)  
  18  1:25  Assimilator  
  18  1:30  Probe (Chrono Boost)  
  19  1:42  Cybernetics Core  
  19  1:53  Zealot x2  
  23  1:56  Probe (Chrono Boost)  
  24  2:07  Probe (Chrono Boost)  
  25  2:18  Probe (Chrono Boost)  
  26  2:28  Probe (Chrono Boost)  
  27  2:32  Warp Gate (Chrono Boost)  
  27  2:37  Robotics Facility  
  27  2:39  Probe  
  28  2:45  Gateway  
  28  2:52  Mothership Core  
  30  3:09  Gateway  
  30  3:10  Pylon  
  30  3:13  Probe  
  31  3:26  Pylon  
  31  3:28  Probe, Stalker x2  
  36  3:35  Observer  
  37  3:56  Immortal (Chrono Boost)  
  41  4:22  Forge  
  41  4:26  Nexus  
  41  4:28  Stalker  
  43  4:51  Stalker x2  
  43  4:52  Stalker  
  47  5:00  Pylon  
  47  5:17  Pylon  
  47  5:19  Immortal (Chrono Boost)  
  49  5:32  Stalker  
  49  5:33  Stalker  
  53  5:39  Stalker  
  55  5:53  Probe  
  55  5:54  Probe  
  57  6:04  Probe  
  57  6:07  Probe  
  57  6:19  Probe  
  56  6:35  Stalker x4  
  64  6:45  Assimilator  
  64  6:50  Assimilator  
  64  6:52  Pylon  
  64  7:16  Warp Prism  
  64  7:28  Stalker  
  64  7:29  Stalker  
  66  7:30  Stalker  
  66  7:32  Pylon x2  
  55  7:52  Stalker x2  
  55  7:53  Stalker  
Show
View Real Time Build Order
Export as new Build Order

Fropez Protoss 

Build Orders: 1 Gate Expand 

Get SALT Encoding   

  12  0:01  Probe (Chrono Boost)  
  13  0:16  Probe (Chrono Boost)  
  14  0:22  Pylon  
  14  0:27  Probe (Chrono Boost)  
  15  0:38  Pylon  
  15  0:40  Probe (Chrono Boost)  
  16  0:45  Assimilator  
  16  0:51  Probe (Chrono Boost)  
  17  0:59  Gateway  
  17  1:03  Probe (Chrono Boost)  
  18  1:15  Probe (Chrono Boost)  
  19  1:26  Probe (Chrono Boost)  
  20  1:36  Nexus  
  20  1:50  Cybernetics Core  
  20  1:53  Probe (Chrono Boost)  
  21  2:02  Assimilator  
  21  2:09  Gateway  
  21  2:14  Probe (Chrono Boost)  
  22  2:17  Pylon  
  23  2:34  Mothership Core (Chrono Boost)  
  24  2:47  Stargate  
  24  2:51  Probe (Chrono Boost)  
  25  2:53  Probe (Chrono Boost)  
  25  2:57  Stalker  
  28  3:01  Assimilator  
  28  3:02  Stalker  
  30  3:05  Assimilator  
  30  3:07  Probe (Chrono Boost)  
  31  3:13  Probe (Chrono Boost)  
  32  3:20  Warp Gate (Chrono Boost)  
  32  3:23  Probe  
  32  3:25  Probe  
  34  3:29  Stalker  
  36  3:35  Probe  
  36  3:40  Probe  
  38  3:50  Probe  
  38  3:54  Stalker  
  41  4:01  Probe  
  41  4:03  Probe  
  43  4:12  Probe  
  43  4:14  Stalker  
  43  4:16  Probe  
  47  4:24  Probe  
  47  4:27  Fleet Beacon  
  48  4:34  Void Ray (Chrono Boost)  
  48  4:35  Probe  
  53  4:52  Stalker  
  53  4:58  Probe  
  54  5:12  Anion Pulse-Crystals (Chrono Boost)  
  54  5:28  Pylon  
  54  5:36  Pylon  
  54  5:37  Pylon  
  54  5:48  Void Ray  
  54  5:54  Pylon, Probe x2  
  60  5:59  Stalker  
  60  6:02  Pylon  
  62  6:06  Probe x2  
  64  6:18  Probe x2  
  64  6:21  Stalker  
  64  6:25  Stalker  
  74  6:30  Probe  
  74  6:31  Cybernetics Core  
  73  6:37  Void Ray  
  71  7:09  Stalker  
  56  7:54  Gateway  
  56  7:57  Gateway  
  56  7:58  Gateway  
  55  8:00  Gateway  
  55  8:01  Gateway  
  55  8:05  Pylon  
  51  8:07  Pylon x2  
  51  8:08  Pylon x2  
  51  8:10  Pylon  
Tags
 
Add a new tag
Caveats
  • Supply blocks, unpowered buildings, or Contaminate may cause inaccurate times.
  • Supply counts are checked every 10 seconds.